 Dungeon Crawl Stone Soup version 0.23-a0-844-gdc03e01 (webtiles) character file.

51 Kurtgeorge the Firebug (level 3, -1/26 HPs)
             Began as a Draconian Fire Elementalist on Jan 26, 2019.
             Succumbed to an adder's poison
             ... on level 2 of the Dungeon.
             The game lasted 00:12:08 (1781 turns).

Kurtgeorge the Firebug (DrFE)                       Turns: 1781, Time: 00:12:09

Health: -1/26      AC:  5    Str: 15    XL:     3   Next: 57%
Magic:  1/6        EV: 18    Int: 16    God:
Gold:   78         SH:  0    Dex: 16    Spells: 5/6 levels left

rFire    . . .     SeeInvis .   c - -1 mace (curse)
rCold    . . .     Gourm    .   (no shield)
rNeg     . . .     Faith    .   (armour unavailable)
rPois    .         Spirit   .   (helmet restricted)
rElec    .         Reflect  .   (no cloak)
rCorr    .         Harm     .   (no gloves)
MR       .....                  (no boots)
Stlth    +++.......             (no amulet)
HPRegen  0.08/turn              h - ring of wizardry
MPRegen  0.10/turn              (no ring)

@: mighty, agile, lethally poisoned (-1 -> -19)
A: unfitting armour, cold-blooded, AC +5
a: no special abilities


You were on level 2 of the Dungeon.
You were hungry.

You visited 1 branch of the dungeon, and saw 2 of its levels.

You collected 78 gold pieces.

Inventory:

Hand Weapons
 c - a cursed -1 mace (weapon)
Jewellery
 h - a ring of wizardry (left hand)
Scrolls
 a - a scroll of enchant weapon {unknown}
 g - a scroll of blinking {unknown}
Potions
 e - a potion of might
Comestibles
 b - 2 rations
 d - 2 chunks of flesh


   Skills:
 + Level 2.3 Dodging
 - Level 1.7 Stealth
 + Level 2.4 Spellcasting
 + Level 1.7 Conjurations
 * Level 3.5 Fire Magic


You had 5 spell levels left.
You knew the following spells:

 Your Spells              Type           Power        Failure   Level  Hunger
a - Flame Tongue          Conj/Fire      ##...        2%          1    #......

Your spell library contained the following spells:

 Spells                   Type           Power        Failure   Level  Hunger
 Throw Flame              Conj/Fire      ##....       4%          2    ###....
 Conjure Flame            Conj/Fire      ##......     9%          3    ###....
 Inner Flame              Hex/Fire       #.......     12%         3    ###....
 Sticky Flame             Conj/Fire      ##......     26%         4    #####..
 Fireball                 Conj/Fire      ##........   56%         5    ######.


Dungeon Overview and Level Annotations

Branches:
Dungeon (2/15)

Altars:


Innate Abilities, Weirdness & Mutations

Your plain brown scales are hard. (AC +5)
You cannot fit into any form of body armour.
You are cold-blooded and may be slowed by cold attacks.


Message History

You feel agile all of a sudden.
* * * LOW HITPOINT WARNING * * *
You feel sick. The adder bites you.
* * * LOW HITPOINT WARNING * * *
You are more poisoned.
The adder poisons you!
* * * LOW HITPOINT WARNING * * *
You feel sick. The adder completely misses you.
The goblin shoots a stone.
The stone barely misses you.
* * * LOW HITPOINT WARNING * * *
You feel sick. The adder misses you.
The goblin unwields a +0 hunting sling.
The goblin wields a +0 dagger.
The goblin completely misses you. The adder misses you.
You barely miss the goblin. You tail-slap the goblin.
You kill the goblin!
* * * LOW HITPOINT WARNING * * *
You feel sick. The adder bites you.
* * * LOW HITPOINT WARNING * * *
The adder closely misses you.
You die...

.#.......(.......
....##..รท............
.### ##.........>...
..####...........
#............... ##.
######.......%.##.%..
#............g#
#####.....#.#$..#
##......@..#...#
#......<.....###
#.........S...#
#........<....#
#........(...##
.........(...#
.........(...#
.....>...(...#
..<(.........#


You could see an adder.

Vanquished Creatures
  An ooze (D:1)
  A leopard gecko (D:1)
  5 bats
  A giant cockroach (D:1)
  6 goblins
  6 hobgoblins
  8 jackals (D:1)
  A ball python (D:1)
  2 frilled lizards (D:1)
  2 kobolds (D:1)
  6 rats
  A toadstool (D:1)
40 creatures vanquished.

Vanquished Creatures (others)
  3 toadstools (D:1)
3 creatures vanquished.

Grand Total: 43 creatures vanquished

Notes
Turn   | Place    | Note
-------+----------+-------------------------------------------
     0 | D:1      | Kurtgeorge the Draconian Fire Elementalist began the quest
                  | for the Orb.
     0 | D:1      | Reached XP level 1. HP: 14/14 MP: 3/3
   369 | D:1      | Reached XP level 2. HP: 13/20 MP: 1/5
  1049 | D:1      | Reached XP level 3. HP: 26/26 MP: 3/6
  1780 | D:2      | HP: 1/26 [adder (1)]
  1781 | D:2      | Succumbed to an adder's poison

Vault maps used:
D:1:      ldierk_water_garden
D:2:      minmay_angry_zag, nicolae_overflow_crystal_walls

Skill      XL: |  1 |
---------------+----+-----
Dodging        | 2 |  2.3
Stealth        | |  1.7
Spellcasting   | |  2.4
Conjurations   | |  1.7
Fire Magic     | |  3.5

Action                   || total
-------------------------++-------
Melee: Unarmed           ||     3
       Mace              ||    26
       Tailslap          ||     3
 Cast: Flame Tongue      ||    62
  Use: Potion            ||     2
  Eat: Chunk             ||     3
Armor: Skin              ||    17
Dodge: Dodged            ||    61

Table legend:
 A = Non-vault XP
 B = Vault XP
 C = Vault XP percentage of total XP
 D = Non-vault monster count
 E = Vault monster count
 F = Vault count percentage of total count
                 A         B        C        D         E       F
            +---------+---------+-------+---------+---------+-------
      Total |      73 |       0 |   0.0 |      39 |       0 |   0.0
            +---------+---------+-------+---------+---------+-------
        D:1 |      55 |       0 |   0.0 |      29 |       0 |   0.0
        D:2 |      18 |       0 |   0.0 |      10 |       0 |   0.0
            +---------+---------+-------+---------+---------+-------
